 Dungeon Crawl Stone Soup version 0.25-a0-713-g4845790874 (webtiles) character file.

Game seed: 12122661264644550634, levelgen mode: deterministic

86 Anathary the Covered (level 4, -3/37 HPs)
             Began as a Barachi Fighter on Apr 4, 2020.
             Killed by divine providence
             ... invoked by an orc priest
              (15 damage)
             ... on level 3 of the Dungeon.
             The game lasted 00:06:31 (1522 turns).

Anathary the Covered (Barachi Fighter)              Turns: 1522, Time: 00:06:33

Health: -3/37      AC:  7    Str: 18    XL:     4   Next: 49%
Magic:  4/4        EV:  7    Int:  8    God:
Gold:   89         SH:  9    Dex: 12    Spells: 3/3 levels left

rFire    . . .     SeeInvis +   a - +0 war axe
rCold    . . .     Gourm    .   c - +0 kite shield
rNeg     . . .     Faith    .   b - +0 scale mail
rPois    .         Spirit   .   (no helmet)
rElec    .         Reflect  .   (no cloak)
rCorr    .         Harm     .   (no gloves)
MR       .....                  (no boots)
Stlth    ..........             j - amulet of regeneration
HPRegen  0.52/turn              g - ring of see invisible
MPRegen  0.09/turn              (no ring)

@: slow
A: +LOS, swims, slowness 1, strong legs 1
a: Hop


You were on level 3 of the Dungeon.
You were not hungry.

You visited 1 branch of the dungeon, and saw 3 of its levels.

You collected 89 gold pieces.

Inventory:

Hand Weapons
 a - a +0 war axe (weapon)
Armour
 b - a +0 scale mail (worn)
 c - a +0 kite shield (worn)
Jewellery
 g - a ring of see invisible (left hand)
 j - an amulet of regeneration (around neck)
Scrolls
 h - a scroll of immolation {unknown}
 i - a scroll of magic mapping {unknown}
 m - a scroll of teleportation {unknown}
 n - 2 scrolls of identify {unknown}
 p - a scroll of remove curse {unknown}
Potions
 d - a potion of might
 e - a potion of degeneration {unknown}
 k - a potion of curing {unknown}
 l - a potion of flight {unknown}
 o - a potion of berserk rage {unknown}
Comestibles
 f - 2 rations


   Skills:
 + Level 4.1 Fighting
 + Level 3.1 Axes
 + Level 4.6 Armour
 + Level 0.5 Dodging
 + Level 3.9 Shields


You had 3 spell levels left.
You didn't know any spells.
Your spell library was empty.

Dungeon Overview and Level Annotations

Branches:
Dungeon (3/15)

Altars:
Yredelemnul

Annotations:
D:3 Jessica


Innate Abilities, Weirdness & Mutations

You can be seen from farther away. (+LOS)
You can swim through water.
You cover ground slowly.
You can hop short distances.


Message History

The orc priest hits you with a +0 flail.
You hit the orc priest.
The orc priest is moderately wounded.
An orc priest comes into view. It is wielding a +0 falchion.
An orc comes into view. It is wielding a +0 club.
Jessica mumbles some strange words.
Jessica seems to speed up.
The orc priest hits you but does no damage.
The orc shouts!
You hear a shout!
You closely miss the orc priest.
The orc priest is moderately wounded.
The orc priest invokes the aid of Beogh against you.
Beogh smites you!
Your shield prevents you from hitting the orc priest.
The orc priest is moderately wounded.
The orc priest hits you with a +0 flail.
An orc comes into view. It is wielding a +0 flail.
The orc priest mumbles some strange prayers to Beogh against you.
Beogh smites you!
You die...

#. ... #.
.#. #! ..
#.##..
#..o. ..oo
.o# ######
#o# #<...#
#@######(##
#........#
##########


You could see an orc priest and 4 orcs.

Vanquished Creatures
  4 adders (D:2)
  An ooze (D:1)
  3 orcs (D:3)
  A ball python (D:2)
  4 bats
  2 giant cockroaches (D:2)
  8 goblins
  6 hobgoblins
  A kobold (D:2)
  2 quokkas (D:2)
  3 frilled lizards (D:2)
  4 rats
  A spectral orc (D:2)
40 creatures vanquished.

Notes
Turn   | Place    | Note
-------+----------+-------------------------------------------
     0 | D:1      | Anathary the Barachi Fighter began the quest for the Orb.
     0 | D:1      | Reached XP level 1. HP: 18/18 MP: 1/1
   172 | D:1      | Reached XP level 2. HP: 25/25 MP: 2/2
   584 | D:1      | You fall into a shaft and drop 1 floor!
   620 | D:2      | Reached XP level 3. HP: 26/30 MP: 3/3
  1097 | D:2      | Reached XP level 4. HP: 36/37 MP: 4/4
  1434 | D:2      | Found a basalt altar of Yredelemnul.
  1513 | D:3      | Noticed Jessica
  1522 | D:3      | Killed from afar by an orc priest

Levels and vault maps discovered:
D:1:      wander_arrival_abandoned_jail, layout_basic, minmay_bisected
D:2:      layout_loops_ring, yredelemnul_forgotten_temple_becter
D:3:      layout_basic, uniq_jessica

Skill      XL: |  1  2  3  4 |
---------------+-------------+-----
Armour         | 4 |  4.6
Fighting       | 4 |  4.1
Axes           | 3 |  3.1
Dodging        | |  0.5
Shields        | |  3.9

Action                   |  1- 3 |  4- 6 || total
-------------------------+-------+-------++-------
Melee: War axe           |   124 |    34 ||   158
  Eat: Ration            |     1 |       ||     1
Armor: Scale mail        |    66 |    13 ||    79
Dodge: Dodged            |    37 |    12 ||    49
Block: Kite shield       |    76 |    17 ||    93

Table legend:
 A = Non-vault XP
 B = Vault XP
 C = Vault XP percentage of total XP
 D = Non-vault monster count
 E = Vault monster count
 F = Vault count percentage of total count
                 A         B        C        D         E       F
            +---------+---------+-------+---------+---------+-------
      Total |     109 |      14 |  11.4 |      35 |       5 |  12.5
            +---------+---------+-------+---------+---------+-------
        D:1 |      18 |      13 |  41.9 |      10 |       4 |  28.6
        D:2 |      82 |       1 |   1.2 |      22 |       1 |   4.3
        D:3 |       9 |       0 |   0.0 |       3 |       0 |   0.0
            +---------+---------+-------+---------+---------+-------
